[Event "Asian Nation Cup Women 2018"]
[Site "Hamedan"]
[Date "2018.07.31"]
[Round "4"]
[White "Guo, Qi"]
[Black "Alavi, Homa"]
[Result "1-0"]
[ECO "D31"]
[WhiteElo "2361"]
[BlackElo "1985"]
[Annotator "NA"]
[PlyCount "99"]
[EventDate "2018.07.27"]
[EventType "swiss"]
[EventCountry "IRI"]
[SourceTitle "playchess.com"]
[Source "ChessBase"]
[SourceQuality "1"]
[WhiteTeam "China"]
[BlackTeam "Iran"]
[WhiteTeamCountry "CHN"]
[BlackTeamCountry "IRI"]
[TimeControl "40/5400+30:1800+30"]

1. d4 d5 2. c4 e6 3. Nc3 a6 4. cxd5 exd5 5. Nf3 Nf6 6. Bg5 Be7 7. e3 O-O {[%emt 0:00:29] LiveBook: 67 Games} 8. Bd3 Nbd7 9. h3 {[%emt 0:00:43] D53: Queen's Gambit Declined: 4 Bg5 Be7: Early deviations} Re8 10. Qc2 g6 (10... h6 11. Bh4 c5 12. dxc5 Nxc5 13. O-O Be6 14. Rfd1 Rc8 15. Qe2 Qa5 16. Nd4 Nfe4 17. Bxe4 {½-½ (17) Xu,X (2549)-Ernst,S (2548) Hoogeveen 2017}) 11. O-O b6 $146 ({Predecessor:} 11... Nb6 12. Rae1 Nh5 13. Bxe7 Rxe7 14. Ne5 f6 15. Nf3 Be6 16. Ne2 Qd7 17. Nd2 Rae8 {0-1 (52) Alvarez Ibarra,R (2395)-Gil Capape,J (2440) Ponferrada 1997}) 12. Rfd1 (12. Ne5 $5 Bb7 13. f4 $14) 12... Bb7 13. Rac1 Rc8 14. Qe2 b5 15. a4 c6 16. Nd2 Nh5 17. Bxe7 Qxe7 18. Nb3 Qb4 19. Qc2 Qe7 20. Ra1 b4 21. Ne2 c5 22. dxc5 Nxc5 23. Ned4 Nxa4 24. Qe2 Qd7 25. Qd2 Rb8 (25... Nf6 $142) 26. Ra2 Nb6 27. Qxb4 Nc4 28. Nc5 $16 Qc8 29. Bxc4 dxc4 30. Nxb7 Rxb7 31. Qa4 Rb6 32. Rc1 Re7 33. Rxc4 Rc7 34. b3 Rxc4 35. Qxc4 Qb7 36. Ra5 Ng7 37. Rc5 Ne6 38. Rc8+ Kg7 39. Nxe6+ Rxe6 40. Qc3+ Rf6 41. Rc4 g5 42. h4 h6 43. hxg5 hxg5 44. Rc5 Kg6 45. Qe5 Qb6 46. Qxg5+ Kh7 47. Qh5+ Kg7 48. Qg4+ Rg6 49. Qd4+ f6 50. Qc4 1-0

[Event "Asian Nation Cup Women 2018"]
[Site "Hamedan"]
[Date "2018.07.31"]
[Round "4"]
[White "Nakhbayeva, Guliskhan"]
[Black "Alinasab, Mobina"]
[Result "1-0"]
[ECO "D31"]
[WhiteElo "2352"]
[BlackElo "2281"]
[Annotator "NA"]
[PlyCount "97"]
[EventDate "2018.07.27"]
[EventType "swiss"]
[EventCountry "IRI"]
[SourceTitle "playchess.com"]
[Source "ChessBase"]
[SourceQuality "1"]
[WhiteTeam "Kazakhstan"]
[BlackTeam "Iran"]
[WhiteTeamCountry "KAZ"]
[BlackTeamCountry "IRI"]
[TimeControl "40/5400+30:1800+30"]

1. d4 e6 2. c4 d5 3. Nc3 a6 4. e3 dxc4 5. Bxc4 Nf6 6. Nf3 {[%emt 0:00:19] D20: Angenommenes Damengambit} Be7 (6... c5 7. O-O b5 8. Be2 Bb7 9. dxc5 Qxd1 10. Rxd1 Nc6 11. b3 Bxc5 12. Bb2 O-O 13. Nd2 Be7 14. Bf3 Rfd8 15. Nde4 Nxe4 16. Nxe4 f5 17. Ng3 Na5 18. Ne2 Bxf3 19. gxf3 Kf7 20. f4 Rxd1+ 21. Rxd1 {1-0 (46) Andreikin,D (2712)-Yu,Y (2751) Huaian 2017}) 7. O-O b5 8. Bd3 Bb7 9. Qe2 Nbd7 10. e4 c5 11. d5 e5 $146 ({Vorgänger:} 11... c4 $11 12. Bc2 exd5 (12... e5 13. a4 b4 14. Nd1 Qc7 15. Ne3 Rc8 16. Nf5 g6 17. Nxe7 Kxe7 {1-0 (29) Milov,V (2500)-Molinaroli,M (2295) Berlin 1993})) 12. b3 O-O 13. a4 b4 14. Nd1 Ne8 15. Bb2 f6 16. Ne3 Nd6 17. Nh4 Qe8 18. Nef5 g6 19. Qg4 Kh8 20. Nxe7 Qxe7 21. Qxg6 Rg8 22. Qh5 $18 Rg5 23. Qe2 Rag8 24. g3 Rg4 25. Ng2 Qf7 26. f3 R4g7 27. Bxa6 Ba8 28. Bd3 Qh5 29. Rf2 Qh3 30. Ne3 Rg6 31. a5 Nf8 32. Rg2 Qd7 33. a6 h5 34. f4 exf4 35. gxf4 Rxg2+ 36. Nxg2 Qh3 37. Bxf6+ Kh7 38. e5+ Nf5 39. Be4 Ng6 40. Qd3 Qxd3 41. Bxd3 Nxf4 42. Bxf5+ Kh6 43. Be4 Nxg2 44. Bxg2 Bxd5 45. Ra2 c4 46. Rd2 cxb3 47. Rxd5 b2 48. Rd1 Rc8 49. h4 1-0

[Event "Asian Nation Cup Women 2018"]
[Site "Hamedan"]
[Date "2018.07.31"]
[Round "4"]
[White "Zahedifar, Anahita"]
[Black "Serikbay, Assel"]
[Result "1/2-1/2"]
[ECO "D14"]
[WhiteElo "2115"]
[BlackElo "2179"]
[Annotator "NA"]
[PlyCount "116"]
[EventDate "2018.07.27"]
[EventType "swiss"]
[EventCountry "IRI"]
[SourceTitle "playchess.com"]
[Source "ChessBase"]
[SourceQuality "1"]
[WhiteTeam "Iran"]
[BlackTeam "Kazakhstan"]
[WhiteTeamCountry "IRI"]
[BlackTeamCountry "KAZ"]
[TimeControl "40/5400+30:1800+30"]

1. d4 d5 2. c4 c6 3. cxd5 cxd5 4. Nc3 Nf6 5. Nf3 Nc6 6. Bf4 Bf5 7. e3 e6 8. Qb3 Bb4 9. Ne5 O-O 10. Nxc6 Bxc3+ 11. bxc3 bxc6 12. Qa3 Qb6 13. f3 a5 14. Be2 $11 Rfc8 15. O-O c5 16. Qb3 Qa7 17. a4 c4 18. Qa3 Qb6 19. Ra2 Qb3 20. Qb2 Rc6 21. Bd1 Qxb2 22. Rxb2 h6 23. Rff2 Ne8 24. Rb7 Nd6 25. Bxd6 Rxd6 26. Bc2 Bxc2 27. Rxc2 Rda6 28. Rcb2 R6a7 29. e4 Kf8 30. Rxa7 Rxa7 31. exd5 exd5 32. Rb5 Rd7 33. Rxa5 Ke7 34. Rb5 Kd6 35. a5 Kc6 36. Rb6+ Kc7 37. Rb2 Kc6 38. Kf2 Ra7 39. Rb6+ Kc7 40. Rb5 Kc6 41. Rc5+ Kd6 42. Ke3 Re7+ 43. Kd2 Rb7 44. Kc2 Rb3 45. Rc8 Ra3 46. Rd8+ Kc6 47. Rc8+ Kd6 48. Rd8+ Kc6 49. Rc8+ Kd6 50. Ra8 Ra2+ 51. Kb1 Rxg2 52. Rb8 Kc7 53. Rb5 Kc6 54. a6 Kxb5 55. a7 Rg1+ 56. Kb2 Rg2+ 57. Kb1 Rg1+ 58. Kb2 Rg2+ 1/2-1/2

[Event "Asian Nation Cup Women 2018"]
[Site "Hamedan"]
[Date "2018.07.31"]
[Round "4"]
[White "Mahdian, Anousha"]
[Black "Zhai, Mo"]
[Result "0-1"]
[ECO "D20"]
[WhiteElo "2004"]
[BlackElo "2350"]
[Annotator "NA"]
[PlyCount "70"]
[EventDate "2018.07.27"]
[EventType "swiss"]
[EventCountry "IRI"]
[SourceTitle "playchess.com"]
[Source "ChessBase"]
[SourceQuality "1"]
[WhiteTeam "Iran"]
[BlackTeam "China"]
[WhiteTeamCountry "IRI"]
[BlackTeamCountry "CHN"]
[TimeControl "40/5400+30:1800+30"]

1. d4 d5 2. c4 dxc4 3. e4 Nc6 4. Nf3 Bg4 5. Bxc4 {[%emt 0:02:55] LiveBook: 83 Partien} e6 6. Be3 Nf6 7. Nc3 Bb4 8. Qd3 Bxf3 9. gxf3 e5 10. d5 Ne7 11. f4 Ng4 12. Rg1 Nxe3 13. Qxe3 (13. fxe3 $16 O-O 14. O-O-O) 13... exf4 14. Qd4 $11 Qd6 15. O-O-O Ng6 16. Nb5 Qe7 17. Kb1 O-O 18. d6 Bxd6 19. Nxd6 cxd6 20. h4 Qxh4 21. Qxd6 Rad8 22. Qc5 b6 23. Qf5 Rxd1+ 24. Rxd1 b5 25. Bb3 Qxf2 26. Rd7 Qe1+ 27. Rd1 Qe2 28. Rd7 Kh8 29. a3 Qe3 30. Bxf7 Qb6 31. e5 Qg1+ 32. Ka2 Qc5 33. Bxg6 Rxf5 34. Bxf5 g6 35. Bd3 Qxe5 0-1

[Event "Asian Nation Cup Women 2018"]
[Site "Hamedan"]
[Date "2018.07.31"]
[Round "4"]
[White "Asgharzadeh, Mitra"]
[Black "Wang, Jue"]
[Result "1/2-1/2"]
[ECO "A04"]
[WhiteElo "1985"]
[BlackElo "2377"]
[Annotator "NA"]
[PlyCount "50"]
[EventDate "2018.07.27"]
[EventType "swiss"]
[EventCountry "IRI"]
[SourceTitle "playchess.com"]
[Source "ChessBase"]
[SourceQuality "1"]
[WhiteTeam "Iran"]
[BlackTeam "China"]
[WhiteTeamCountry "IRI"]
[BlackTeamCountry "CHN"]
[TimeControl "40/5400+30:1800+30"]

1. Nf3 c5 2. g3 Nc6 3. Bg2 g6 4. O-O Bg7 5. d3 d5 {[%emt 0:04:29] LiveBook: 147 Games} 6. Nbd2 e5 {[%emt 0:00:49] A08: King's Indian Attack} (6... Nf6 7. e4 O-O 8. Re1 e5 9. exd5 Nxd5 10. Nc4 f6 11. a4 b6 12. Nfd2 Be6 13. f4 Qd7 14. fxe5 fxe5 15. c3 Rad8 16. Qe2 Nde7 17. Be4 Bg4 18. Nf3 {½-½ (50) Maghsoodloo,P (2577)-Sethuraman,S (2633) Chengdu 2017}) 7. e4 d4 8. a3 Nge7 9. Qe1 $146 ({Predecessor:} 9. Rb1 a5 10. a4 O-O 11. Nc4 Rb8 12. c3 b6 13. cxd4 cxd4 {1-0 (51) Carruez Berges,S (2120)-Remiro Juste,F (2306) Spain 2010}) 9... h6 10. Rb1 a5 11. Nh4 g5 12. Nf5 Nxf5 13. exf5 Bxf5 14. f4 gxf4 15. gxf4 Qd7 (15... Rg8 $11 {keeps the balance.}) 16. Nc4 Rd8 17. fxe5 O-O 18. Qg3 ({Viel schwächer ist} 18. Nxa5 Nxa5 19. Qxa5 b5 $16) 18... Kh8 19. Qh4 Qe6 20. Kh1 $16 (20. Bg5 $18 {und Weiss behält klar die Oberhand.} Bh7 21. Bxd8 Nxd8 22. a4) 20... Bh7 21. Bh3 Qd5+ 22. Bg2 Qe6 23. Bh3 Qd5+ 24. Bg2 Qe6 25. Bh3 Qd5+ 1/2-1/2

[Event "Asian Nation Cup Women 2018"]
[Site "Hamedan"]
[Date "2018.08.01"]
[Round "5"]
[White "Shen, Yang"]
[Black "Hejazipour, Mitra"]
[Result "1-0"]
[ECO "D37"]
[WhiteElo "2462"]
[BlackElo "2276"]
[Annotator "ChessBase"]
[PlyCount "125"]
[EventDate "2018.07.27"]
[EventType "swiss"]
[EventCountry "IRI"]
[SourceTitle "playchess.com"]
[Source "ChessBase"]
[SourceQuality "1"]
[WhiteTeam "China"]
[BlackTeam "Iran"]
[WhiteTeamCountry "CHN"]
[BlackTeamCountry "IRI"]
[TimeControl "40/5400+30:1800+30"]

1. d4 d5 2. Nf3 Nf6 3. c4 e6 4. Nc3 a6 5. cxd5 exd5 6. Bg5 Be6 7. e3 Nbd7 8. Bd3 Bd6 9. O-O c6 10. Bf4 Qc7 11. Qd2 h6 12. Rfc1 O-O 13. b4 Nh5 14. Bxd6 Qxd6 15. Na4 Bg4 16. Ne1 Nhf6 17. Nc5 Rfb8 18. a4 Bh5 19. f3 Nf8 20. Bf1 Bg6 21. Ned3 b6 22. Nb3 N8d7 23. Nf4 Bf5 24. Qc3 Re8 25. a5 g5 26. Ne2 b5 27. Nc5 Nxc5 28. Qxc5 Qxc5 29. Rxc5 Bd7 30. Kf2 h5 31. Nc1 Nh7 32. Nd3 f6 33. h4 gxh4 34. Nf4 Re7 35. Bd3 Ng5 36. Ng6 Rg7 37. Nxh4 Ne6 38. Rc3 Nd8 39. Rh1 Rg5 40. f4 Rg7 41. Nf5 Rh7 42. Ng3 Rh6 43. Nxh5 Nf7 44. e4 dxe4 45. Bxe4 f5 46. Bf3 Nd6 47. Re1 Kf7 48. Ng3 Nc4 49. d5 Nd2 50. dxc6 Nxf3 51. Rec1 Bxc6 52. Rxc6 Rxc6 53. Rxc6 Nd4 54. Rd6 Nc2 55. Nxf5 Nxb4 56. g4 Rc8 57. g5 Rc2+ 58. Kf3 Rc3+ 59. Kg4 Rd3 60. g6+ Kg8 61. Rb6 Rd8 62. Rb7 Nd5 63. Nh6+ 1-0

[Event "Asian Nation Cup Women 2018"]
[Site "Hamedan"]
[Date "2018.08.01"]
[Round "5"]
[White "Karavade, Eesha"]
[Black "Nguyen, Thi Thanh An"]
[Result "1/2-1/2"]
[ECO "E69"]
[WhiteElo "2378"]
[BlackElo "2257"]
[Annotator "NA"]
[PlyCount "130"]
[EventDate "2018.07.27"]
[EventType "swiss"]
[EventCountry "IRI"]
[SourceTitle "playchess.com"]
[Source "ChessBase"]
[SourceQuality "1"]
[WhiteTeam "India"]
[BlackTeam "Vietnam"]
[WhiteTeamCountry "IND"]
[BlackTeamCountry "VIE"]
[TimeControl "40/5400+30:1800+30"]

1. d4 Nf6 2. c4 g6 3. g3 Bg7 4. Bg2 O-O 5. Nc3 d6 6. Nf3 Nbd7 7. O-O c6 8. e4 e5 9. h3 Re8 10. Be3 Qa5 11. d5 cxd5 12. cxd5 b5 13. a3 b4 14. axb4 Qxb4 15. Qc2 Nc5 16. Nd2 Bd7 17. Na2 Qb5 18. b4 Na4 19. Nc3 Nxc3 20. Qxc3 Rec8 21. Qa3 Ne8 22. Rfb1 Qb7 23. Bf1 Bb5 24. Bxb5 Qxb5 25. Qa6 Qd7 26. Kg2 f5 27. Ra2 Rc3 28. Rb3 Rc7 29. b5 f4 30. gxf4 exf4 31. Bxf4 Rac8 32. Nf3 h6 33. b6 axb6 34. Rxb6 g5 35. Bg3 g4 36. hxg4 Qxg4 37. Rc6 Kh7 38. Ra4 Rf7 39. Nh2 Rxc6 40. Qxc6 Qg6 41. Nf3 Rf4 42. e5 Rxa4 43. Qxa4 dxe5 44. Nh4 Qf7 45. Qe4+ Kg8 46. Bxe5 Bxe5 47. Qxe5 Qg7+ 48. Qxg7+ Kxg7 49. Kf3 Kf6 50. Ke4 Nd6+ 51. Kf4 Nc4 52. Nf5 Nb6 53. Ne3 h5 54. Ke4 Na4 55. f4 Nc3+ 56. Kd3 Nb5 57. Kc4 Nd6+ 58. Kd3 Nb5 59. Ke4 Nc3+ 60. Kf3 Nb5 61. Kg3 Nd4 62. Ng2 Kf5 63. Kh4 Ke4 64. d6 Nf5+ 65. Kxh5 Nxd6 1/2-1/2

[Event "Asian Nation Cup Women 2018"]
[Site "Hamedan"]
[Date "2018.08.01"]
[Round "5"]
[White "Zhai, Mo"]
[Black "Hamedi Nia, Vesal"]
[Result "1-0"]
[ECO "D31"]
[WhiteElo "2350"]
[BlackElo "2066"]
[Annotator "NA"]
[PlyCount "65"]
[EventDate "2018.07.27"]
[EventType "swiss"]
[EventCountry "IRI"]
[SourceTitle "playchess.com"]
[Source "ChessBase"]
[SourceQuality "1"]
[WhiteTeam "China"]
[BlackTeam "Iran"]
[WhiteTeamCountry "CHN"]
[BlackTeamCountry "IRI"]
[TimeControl "40/5400+30:1800+30"]

1. d4 d5 2. c4 e6 3. Nc3 Be7 4. Nf3 Nf6 5. cxd5 exd5 6. Bg5 c6 7. Qc2 g6 8. e3 Bf5 9. Bd3 Bxd3 10. Qxd3 Nbd7 11. O-O O-O 12. a3 a5 13. Nd2 Re8 14. Rae1 Ne4 15. Bxe7 Qxe7 16. f3 Nxd2 17. Qxd2 Nb6 18. e4 Nc4 19. Qf2 Qd7 20. h3 b5 21. e5 b4 22. Na4 Qe7 23. f4 f5 24. Qc2 Qa7 25. Nc5 Rab8 26. Kh1 a4 27. g4 fxg4 28. f5 gxf5 29. Qxf5 Rf8 30. Qe6+ Kh8 31. Nd7 Qxd4 32. Nxf8 Rb7 33. Nd7 1-0

[Event "Asian Nation Cup Women 2018"]
[Site "Hamedan"]
[Date "2018.08.01"]
[Round "5"]
[White "Pham, Le Thao Nguyen"]
[Black "Vaishali R"]
[Result "1-0"]
[ECO "D58"]
[WhiteElo "2334"]
[BlackElo "2294"]
[Annotator "NA"]
[PlyCount "126"]
[EventDate "2018.07.27"]
[EventType "swiss"]
[EventCountry "IRI"]
[SourceTitle "playchess.com"]
[Source "ChessBase"]
[SourceQuality "1"]
[WhiteTeam "Vietnam"]
[BlackTeam "India"]
[WhiteTeamCountry "VIE"]
[BlackTeamCountry "IND"]
[TimeControl "40/5400+30:1800+30"]

1. d4 Nf6 2. Nf3 d5 3. c4 e6 4. Nc3 Be7 5. Bg5 O-O 6. e3 h6 7. Bh4 b6 8. Be2 Bb7 9. Bxf6 Bxf6 10. cxd5 exd5 11. b4 c6 12. O-O Qd6 13. Qb3 Nd7 14. Rfd1 a5 15. b5 c5 16. dxc5 Nxc5 17. Qa3 Rfd8 18. Rac1 Rac8 19. Nd4 Rc7 20. Bf3 Be5 21. g3 Qf6 22. Nce2 Ne4 23. Rxc7 Bxc7 24. Nf4 Bd6 25. Qb3 Bxf4 26. exf4 Rc8 27. Qe3 Rc3 28. Rd3 Rc4 29. h4 Qd6 30. Bg2 Qb4 31. Kh2 Kh7 32. f3 Nc5 33. Rd1 Qc3 34. Qe5 Bc8 35. Qxd5 f6 36. Qd8 Ne6 37. Nxe6 Bxe6 38. Qxb6 Bf5 39. Rd8 Qe1 40. Qg1 Qb4 41. Qd1 Qxb5 42. Qd5 Qxd5 43. Rxd5 Be6 44. Rxa5 Rc2 45. a3 f5 46. h5 Kg8 47. Kh3 Rc3 48. Kh4 Rc2 49. Bh3 Rh2 50. g4 fxg4 51. fxg4 Rc2 52. f5 Bb3 53. Rb5 Ba4 54. Rb4 Bc6 55. Bf1 Bd5 56. a4 Rc1 57. Bb5 Rc3 58. Rd4 Bg2 59. Rd3 Rc1 60. Rd2 Be4 61. Kg3 Ra1 62. Kf4 Bh1 63. Rd4 Ra3 {[%emt 0:00:13] Ke4} 1-0

[Event "Asian Nation Cup Women 2018"]
[Site "Hamedan"]
[Date "2018.08.01"]
[Round "5"]
[White "Alinasab, Mobina"]
[Black "Guo, Qi"]
[Result "0-1"]
[ECO "C07"]
[WhiteElo "2281"]
[BlackElo "2361"]
[Annotator "NA"]
[PlyCount "152"]
[EventDate "2018.07.27"]
[EventType "swiss"]
[EventCountry "IRI"]
[SourceTitle "playchess.com"]
[Source "ChessBase"]
[SourceQuality "1"]
[WhiteTeam "Iran"]
[BlackTeam "China"]
[WhiteTeamCountry "IRI"]
[BlackTeamCountry "CHN"]
[TimeControl "40/5400+30:1800+30"]

1. e4 e6 2. d4 d5 3. Nd2 c5 4. Ngf3 cxd4 5. Nxd4 Nc6 6. Bb5 Bd7 7. Nxc6 Bxc6 8. Bxc6+ bxc6 9. c4 Nf6 10. Qa4 Qd7 11. e5 Ng8 12. O-O Ne7 13. Nf3 Nf5 14. Rd1 Bc5 15. g4 Ne7 16. b4 Bb6 17. Bf4 O-O 18. Bg3 Ng6 19. Rac1 Rac8 20. Nd4 Bxd4 21. Rxd4 Qe7 22. Rdd1 Qg5 23. Qxa7 Qxg4 24. Qe3 Nh4 25. Qf4 Qxf4 26. Bxf4 Ng6 27. Bg3 h5 28. h3 Ne7 29. cxd5 Nxd5 30. Rc4 Ra8 31. Rd2 Rfb8 32. Rb2 Ra3 33. Bh4 Ra4 34. Bg3 Rb6 35. Kf1 Rba6 36. Kg2 Kh7 37. Rh4 Kg6 38. Rb3 Rxa2 39. Rc4 R6a3 40. Rxa3 Rxa3 41. Rxc6 Rb3 42. Rd6 Rxb4 43. Rd7 Rb3 44. Ra7 Rc3 45. Rd7 Rc7 46. Rd8 Ne7 47. Rd3 Nf5 48. Bf4 Rc5 49. Rd7 Rc3 50. Ra7 Nh4+ 51. Kg1 Nf3+ 52. Kf1 Rc5 53. Ra3 Nxe5 54. Rg3+ Kh7 55. Ra3 Nc6 56. Rg3 Rf5 57. Bd6 Ne5 58. Rc3 Ng6 59. Rc7 Nf4 60. Rc3 Nd5 61. Rd3 g5 62. Bb8 Kg6 63. Rb3 Nf6 64. Rb4 Rd5 65. Kg2 Nd7 66. Ba7 Ne5 67. Be3 Nc6 68. Rc4 Ne7 69. Rc7 Nf5 70. Bc1 Nh4+ 71. Kh2 Rd1 72. Be3 f6 73. Rc6 e5 74. Rc4 Kf5 75. Rc6 e4 76. Rc5+ Kg6 0-1

[Event "Asian Nation Cup Women 2018"]
[Site "Hamedan"]
[Date "2018.08.01"]
[Round "5"]
[White "Nguyen, Thi Mai Hung"]
[Black "Aakanksha Hagawane"]
[Result "1-0"]
[ECO "D74"]
[WhiteElo "2226"]
[BlackElo "2292"]
[Annotator "NA"]
[PlyCount "83"]
[EventDate "2018.07.27"]
[EventType "swiss"]
[EventCountry "IRI"]
[SourceTitle "playchess.com"]
[Source "ChessBase"]
[SourceQuality "1"]
[WhiteTeam "Vietnam"]
[BlackTeam "India"]
[WhiteTeamCountry "VIE"]
[BlackTeamCountry "IND"]
[TimeControl "40/5400+30:1800+30"]

1. d4 Nf6 2. Nf3 g6 3. g3 Bg7 4. Bg2 O-O 5. c4 d5 6. cxd5 Nxd5 7. O-O Nc6 8. e4 Nb6 9. d5 Na5 10. Nc3 c6 11. Bf4 Nac4 12. b3 Nd6 13. e5 cxd5 14. exd6 Bxc3 15. Rc1 Bg7 16. dxe7 Qxe7 17. Re1 Be6 18. Ng5 Qf6 19. Qd2 Qd4 20. Nxe6 Qxd2 21. Bxd2 fxe6 22. Rxe6 Rac8 23. a4 Rxc1+ 24. Bxc1 Rc8 25. Bf4 Kf7 26. Re1 a5 27. Rd1 d4 28. Bd2 Rc5 29. Rc1 Nd7 30. Bxb7 Rxc1+ 31. Bxc1 Bf8 32. Bd2 Kf6 33. f4 Nc5 34. Bd5 Na6 35. Bxa5 Nb4 36. Be4 Na2 37. Bb6 Nc1 38. Bc2 d3 39. Bd1 Bb4 40. a5 Ne2+ 41. Kf2 Nc3 42. Bf3 1-0

[Event "Asian Nation Cup Women 2018"]
[Site "Hamedan"]
[Date "2018.08.02"]
[Round "6"]
[White "Khademalsharieh, Sarasadat"]
[Black "Tokhirjonova, Gulrukhbegim"]
[Result "1/2-1/2"]
[ECO "E11"]
[WhiteElo "2408"]
[BlackElo "2350"]
[Annotator "NA"]
[PlyCount "69"]
[EventDate "2018.07.27"]
[EventType "swiss"]
[EventCountry "IRI"]
[SourceTitle "playchess.com"]
[Source "ChessBase"]
[SourceQuality "1"]
[WhiteTeam "Iran"]
[BlackTeam "Uzbekistan"]
[WhiteTeamCountry "IRI"]
[BlackTeamCountry "UZB"]
[TimeControl "40/5400+30:1800+30"]

1. d4 Nf6 2. Nf3 e6 3. c4 Bb4+ 4. Nbd2 O-O 5. a3 Be7 6. e4 d5 7. e5 Nfd7 8. Bd3 c5 9. O-O Nc6 10. cxd5 exd5 11. Re1 Qb6 12. Qc2 h6 13. dxc5 Nxc5 14. b4 Nxd3 15. Qxd3 Be6 16. Nb3 a5 17. b5 a4 18. Be3 Qc7 19. Nbd4 Nxd4 20. Nxd4 Qd7 21. Rac1 Rfc8 22. f4 g6 23. b6 Kg7 24. Nb5 Bf5 25. Qe2 Rc4 26. Rxc4 dxc4 27. Nd6 Bxd6 28. exd6 Qxd6 29. Qxc4 Kg8 30. Bc5 Be6 31. Qc1 Qc6 32. Qe3 Re8 33. Qd4 Rc8 34. Bb4 Qd5 35. Qxd5 1/2-1/2

[Event "Asian Nation Cup Women 2018"]
[Site "Hamedan"]
[Date "2018.08.02"]
[Round "6"]
[White "Nakhbayeva, Guliskhan"]
[Black "Karavade, Eesha"]
[Result "0-1"]
[ECO "D31"]
[WhiteElo "2352"]
[BlackElo "2378"]
[Annotator "NA"]
[PlyCount "126"]
[EventDate "2018.07.27"]
[EventType "swiss"]
[EventCountry "IRI"]
[SourceTitle "playchess.com"]
[Source "ChessBase"]
[SourceQuality "1"]
[WhiteTeam "Kazakhstan"]
[BlackTeam "India"]
[WhiteTeamCountry "KAZ"]
[BlackTeamCountry "IND"]
[TimeControl "40/5400+30:1800+30"]

1. d4 d5 2. c4 e6 3. Nc3 a6 4. cxd5 exd5 5. Bf4 {[%emt 0:00:04] D31: Queen's Gambit Declined: Semi-Slav without ...Nf6 (+ Marshall Gambit and Noteboom) and Exchange Variation lines without ...Nf6} Nf6 {[%emt 0:00:33] LiveBook: 59 Games} 6. Qc2 Bd6 7. Bxd6 Qxd6 8. e3 Nc6 $146 ({Predecessor:} 8... O-O 9. Bd3 Re8 10. Nge2 Bg4 11. f3 Bh5 12. Qd2 Bg6 13. O-O c5 14. Bxg6 hxg6 15. dxc5 Qxc5 16. Nd4 Nc6 17. Rac1 Nxd4 18. Qxd4 Qxd4 {½-½ (18) Jankovic,A (2564)-Predojevic,B (2642) Zadar 2011}) 9. a3 Bg4 10. Bd3 O-O 11. h3 Bh5 12. Nge2 Bg6 13. O-O Bxd3 14. Qxd3 Rfe8 15. Nf4 Nd8 16. Na4 Ne6 17. Nxe6 Qxe6 18. Nc5 Qb6 19. f3 Re7 20. b4 Rae8 21. Rfe1 Nd7 22. Rad1 c6 23. e4 dxe4 24. fxe4 Nxc5 25. bxc5 Qc7 26. Re3 h6 $11 27. Rf1 Rd8 28. e5 Rxe5 29. Ref3 Re7 30. Rg3 Rd5 31. Rg4 h5 32. Rgf4 Qd7 33. R1f3 Qe6 34. Kh2 Rg5 35. Rf5 Rxf5 36. Rxf5 Qe3 37. Qc4 h4 38. Rf3 Qe4 39. Qd3 Qxd3 40. Rxd3 Rd7 41. Kg1 f5 42. Kf2 Kf7 43. g3 hxg3+ 44. Kxg3 g5 45. Kf3 Kg6 46. Kg3 Kh5 47. a4 a5 48. Rd1 f4+ 49. Kf3 Kh4 50. Kg2 g4 51. hxg4 Kxg4 52. Kf2 Rd8 53. Rd3 Kf5 54. Kf3 Rh8 55. Kg2 Ke4 56. Rd1 Rh7 57. Kg1 Rd7 58. Re1+ Kd3 59. Rb1 Rg7+ 60. Kf2 Kxd4 61. Kf3 Kxc5 62. Kxf4 Re7 63. Ra1 Kb4 0-1

[Event "Asian Nation Cup Women 2018"]
[Site "Hamedan"]
[Date "2018.08.02"]
[Round "6"]
[White "Padmini, Rout"]
[Black "Dauletova, Gulmira"]
[Result "1-0"]
[ECO "B48"]
[WhiteElo "2338"]
[BlackElo "2287"]
[Annotator "NA"]
[PlyCount "101"]
[EventDate "2018.07.27"]
[EventType "swiss"]
[EventCountry "IRI"]
[SourceTitle "playchess.com"]
[Source "ChessBase"]
[SourceQuality "1"]
[WhiteTeam "India"]
[BlackTeam "Kazakhstan"]
[WhiteTeamCountry "IND"]
[BlackTeamCountry "KAZ"]
[TimeControl "40/5400+30:1800+30"]

1. e4 c5 2. Nf3 e6 3. d4 cxd4 4. Nxd4 Nc6 5. Nc3 Qc7 6. Be3 a6 7. Qf3 {[%emt 0:00:13] B48: Sizilianisch (Paulsen-Variante)} Nf6 8. O-O-O Ne5 {[%emt 0:01:25] LiveBook: 76 Games} 9. Qg3 b5 10. f4 (10. a3 Bb7 11. Bxb5 Rc8 12. Ba4 Nxe4 13. Nxe4 Bxe4 14. Bf4 Qc4 15. Bxe5 Qxa4 {1-0 (38) Vachier Lagrave,M (2789)-Anand,V (2776) Karlsruhe/Baden-Baden 2018}) 10... Neg4 11. Bg1 h5 12. h3 b4 13. Nd5 $146 ({Vorgänger:} 13. Nb1 Nxe4 14. Qe1 Qxf4+ {0-1 (41) Sylvan,J (2341)-Bjerre,J (2378) Ballerup 2018}) 13... Nxd5 14. exd5 Nf6 15. dxe6 dxe6 16. Bd3 h4 17. Qf3 Rb8 {[%emt 0:12:02] [#]} 18. f5 $1 e5 19. Qc6+ Qd7 20. Qxd7+ Nxd7 21. Nc6 Ra8 22. Bh2 f6 23. Bc4 a5 24. Rd2 Bc5 25. Bg1 Be7 $2 (25... Bxg1 26. Rxg1 Ba6) 26. Be3 Nf8 27. Bd5 $18 Ra6 28. Rhd1 Nd7 29. Nxe7 Kxe7 30. Bb7 Nb8 31. Bc5+ Kf7 32. Bd5+ Ke8 33. Bc4 Nc6 34. Bxa6 Bxa6 35. Rd6 Bb5 36. Re6+ Kf7 37. Rd7+ Kg8 38. Rb7 Nd8 39. Rxb5 Nxe6 40. fxe6 Kh7 41. Rxa5 e4 42. Bxb4 Kg6 43. Rd5 f5 44. e7 Re8 45. Rd8 Kf7 46. Rxe8 Kxe8 47. a4 f4 48. a5 f3 49. gxf3 exf3 50. Kd2 g5 51. a6 1-0

[Event "Asian Nation Cup Women 2018"]
[Site "Hamedan"]
[Date "2018.08.02"]
[Round "6"]
[White "Kurbonboeva, Sarvinoz"]
[Black "Alinasab, Mobina"]
[Result "1/2-1/2"]
[ECO "A21"]
[WhiteElo "2241"]
[BlackElo "2281"]
[Annotator "NA"]
[PlyCount "107"]
[EventDate "2018.07.27"]
[EventType "swiss"]
[EventCountry "IRI"]
[SourceTitle "playchess.com"]
[Source "ChessBase"]
[SourceQuality "1"]
[WhiteTeam "Uzbekistan"]
[BlackTeam "Iran"]
[WhiteTeamCountry "UZB"]
[BlackTeamCountry "IRI"]
[TimeControl "40/5400+30:1800+30"]

1. c4 {[%emt 0:00:00] Metz Alekhine/Primel,D} e5 2. Nc3 d6 3. g3 f5 4. Bg2 Nf6 5. d3 c6 6. e4 Be7 7. Nge2 O-O {[%emt 0:00:33] A21: English Opening: 1...e5 2 Nc3} 8. O-O Na6 9. d4 Qe8 10. c5 exd4 $146 ({Predecessor:} 10... Nxe4 11. Nxe4 fxe4 12. cxd6 Bxd6 13. Nc3 exd4 14. Qxd4 {½-½ (72) Colovic,A (2436)-Solodovnichenko,Y (2615) Metz 2012 EXT 2013 [Metz Alekhine/Primel,D]}) 11. cxd6 Bxd6 12. Qxd4 Bc5 13. Qd3 fxe4 14. Nxe4 Nxe4 15. Qxe4 Bf5 16. Qc4+ Be6 17. Qc2 Qf7 18. Bf4 Bf5 19. Qc3 Rad8 20. Rad1 Bg4 21. Rxd8 Rxd8 22. Nc1 Bd4 23. Qd2 Bf6 24. Qe3 Bxb2 25. Nb3 Be6 26. Qxa7 Bxb3 27. Qb6 Rd7 28. Qxb3 Qxb3 29. axb3 Nb4 30. Bh3 Rd8 31. Be6+ Kh8 $14 32. Be3 Nd5 33. Rd1 Bf6 34. Bc5 g5 35. f3 Kg7 36. Kf2 b6 37. Be3 Rd6 38. Bh3 c5 39. f4 gxf4 40. gxf4 Rd8 41. Be6 Nc7 42. Rg1+ Kh8 43. Bf7 Rf8 44. Bc4 Rd8 45. Kf3 Bg7 46. h4 Ne8 47. Rg2 Nd6 48. Rd2 Bf6 49. h5 Nf5 50. Rxd8+ Bxd8 51. Be6 Ng7 52. Bf7 Nf5 53. Be6 Ng7 54. Bf7 1/2-1/2